 Dungeon Crawl Stone Soup version 0.19.0-24-gb05acd6 (webtiles) character file.

217 Gargoyl the Skirmisher (level 5, -1/42 HPs)
             Began as a Demonspawn Abyssal Knight on Nov 23, 2016.
             Was a Believer of Lugonu.
             Slain by Natasha (4 damage)
             ... on level 3 of the Dungeon.
             The game lasted 00:06:10 (2966 turns).

Gargoyl the Skirmisher (Demonspawn Abyssal Knight)  Turns: 2966, Time: 00:06:11

Health: -1/42      AC: 15    Str: 12 (13) XL:     5   Next: 61%
Magic:  0/7        EV:  5    Int: 12 (14) God:    Lugonu [**....]
Gold:   206        SH:  5    Dex:  9 (12) Spells: 0 memorised, 4 levels left

rFire  + . .     SeeInvis +     a - +1 hand axe
rCold  + . .     Gourm    .     f - +1 chain mail
rNeg   . . .     Faith    .     (no shield)
rPois  +         Spirit   +     e - +2 hat
rElec  +         Reflect  +     (no cloak)
rCorr  +         Harm     .     (no gloves)
MR     .....                    (no boots)
Stlth  ..........               i - +5 amulet of reflection
                                (no ring)
                                o - ring of see invisible

@: resistant, slowed, very slow
A: slimy green scales 2, magic shield, magic regeneration
a: Depart the Abyss, Bend Space, Renounce Religion


You were on level 3 of the Dungeon.
You worshipped Lugonu.
Lugonu was pleased with you.
You were not hungry.

You visited 1 branch of the dungeon, and saw 4 of its levels.
You visited the Abyss 1 time.

You collected 206 gold pieces.

Inventory:

Hand Weapons
 a - a +1 hand axe (weapon)
Missiles
 x - 2 javelins (quivered)
Armour
 e - a +2 hat (worn)
 f - a +1 chain mail (worn)
Jewellery
 i - a +5 amulet of reflection (around neck)
 o - a ring of see invisible (left hand)
Wands
 v - a wand of flame (26/48)
Scrolls
 d - 2 scrolls of enchant armour
 q - a scroll of teleportation
 u - a scroll of identify
Potions
 b - a potion of degeneration
 z - a potion of flight
Comestibles
 c - 7 bread rations
 g - 6 meat rations
 j - a slice of pizza
 l - 2 royal jellies
 n - a fruit
 r - a chunk of flesh


   Skills:
 + Level 4.2 Fighting
 + Level 3.2 Axes
 * Level 2.9 Armour
 + Level 1.5 Dodging
 * Level 3.4 Invocations


You had 4 spell levels left.
You didn't know any spells.

Dungeon Overview and Level Annotations

Branches:
Dungeon (4/15)
 Temple: D:4-7

Altars:
Dithmenos
Hepliaklqana
Kikubaaqudgha
Xom

Annotations:
D:3 Natasha
D:4 smzp's ghost, novice HOMo


Innate Abilities, Weirdness & Mutations

You are mostly covered in slimy green scales. (AC +3)
When hurt, damage is shared between your health and your magic reserves.
You regenerate magic rapidly.


Message History

* * * LOW HITPOINT WARNING * * *
You hit Natasha.
Natasha is heavily wounded.
You hit the iron imp. Natasha claws you.
* * * LOW HITPOINT WARNING * * *
The iron imp completely misses you. Natasha claws you.
* * * LOW HITPOINT WARNING * * *
Unknown command.
Your chain mail prevents you from hitting Natasha.
Natasha is heavily wounded.
You barely miss the iron imp. You barely miss the shadow imp.
The iron imp disappears in a puff of smoke!
You block the shadow imp's attack.
Natasha stares at you and mumbles some strange words.
You feel as though you will be slow longer.
The shadow imp barely misses you.
You miss Natasha.
Natasha is heavily wounded.
You barely miss the shadow imp. Natasha claws you.
You die...

#########.#####..........####.#
###.............+..........# #.#
..#.#######.#####.[........# #.#
#.#.#######.#..............####'#
..#.#.......#.#..................
..#.#.....#§#.#>####+#...........
..#.#....#.§§#..)....#.###.......
..#.##..#.#.#.##..####...###'##'#
..#.....§§._.§..@§# ##.......#..
..#######.#.#.#.h5#####.......###
.#...#####§§§#....<...#.......##.
.#...[....#§##.#..###.#.......##.
.#....#####.##....#...'.......##.
.####............##.#.#.......##.
....#..######...<##.#.#.##'#'###.
............#....##...#.##.#.....
......#.....#..####..##.##.####..


You could see Natasha and a shadow imp.

Vanquished Creatures
  A bullfrog skeleton (D:4)
  Jessica (D:3)
  Natasha (D:3)
  Ijyb (D:3)
  2 adders
  A gnoll (D:3)
  An ooze (D:1)
  An adder skeleton (D:4)
  5 worms
  3 dart slugs
  An orc (D:3)
  A ball python (D:4)
  A giant cockroach (D:2)
  4 goblins
  8 hobgoblins
  4 jackals
  3 quokkas (D:2)
  6 bats
  4 frilled lizards
  6 kobolds
  6 rats
61 creatures vanquished.

Notes
Turn   | Place    | Note
-------+----------+-------------------------------------------
     0 | Abyss:1  | Gargoyl the Demonspawn Abyssal Knight began the quest for the Orb.
     0 | Abyss:1  | Reached XP level 1. HP: 18/18 MP: 2/2
    90 | Abyss:2  | Noticed a neqoxec
   105 | Abyss:2  | Noticed a thrashing horror
   106 | D:1      | Escaped the Abyss
   166 | D:1      | Reached skill level 1 in Dodging
   270 | D:1      | Reached * piety under Lugonu
   270 | D:1      | Gained mutation: You are partially covered in slimy green scales. (AC +2) [demonic ancestry]
   270 | D:1      | Reached XP level 2. HP: 24/24 MP: 3/3
   968 | D:2      | Found a faded altar of an unknown god.
  1017 | D:2      | Gained mutation: You are mostly covered in slimy green scales. (AC +3) [demonic ancestry]
  1017 | D:2      | Reached XP level 3. HP: 26/29 MP: 5/5
  1159 | D:2      | Found an ancient bone altar of Kikubaaqudgha.
  1159 | D:2      | Found a shimmering altar of Xom.
  1805 | D:3      | Found a hazy altar of Hepliaklqana.
  1853 | D:3      | Noticed Ijyb
  1873 | D:3      | Killed Ijyb
  1873 | D:3      | Gained mutation: When hurt, damage is shared between your health and your magic reserves. [demonic ancestry]
  1873 | D:3      | Reached XP level 4. HP: 33/37 MP: 6/6
  2212 | D:3      | Reached ** piety under Lugonu
  2218 | D:3      | Found a shadowy altar of Dithmenos.
  2233 | D:3      | Noticed Jessica
  2242 | D:3      | Killed Jessica
  2242 | D:3      | Reached skill level 4 in Fighting
  2242 | D:3      | Gained mutation: You regenerate magic rapidly. [demonic ancestry]
  2242 | D:3      | Reached XP level 5. HP: 42/42 MP: 7/7
  2595 | D:3      | Noticed Natasha
  2618 | D:3      | Killed Natasha
  2838 | D:4      | Noticed smzp's ghost (novice HOMo)
  2948 | D:3      | Noticed Natasha
  2964 | D:3      | HP: 2/42 [Natasha (1)]
  2966 | D:3      | Slain by Natasha

Skill      XL: |  1  2  3  4 |
---------------+-------------+-----
Dodging        | 1 |  1.5
Axes           | 2 3 |  3.2
Armour         | 2 |  2.9
Invocations    | 3 |  3.4
Fighting       | 4 |  4.2

Action                   |  1- 3 |  4- 6 || total
-------------------------+-------+-------++-------
Melee: Hand axe          |   153 |   141 ||   294
Invok: Depart the Abyss  |     1 |       ||     1
       Bend Space        |       |     1 ||     1
  Use: Scroll            |     2 |     5 ||     7
       Potion            |       |     7 ||     7
  Eat: Chunk             |     2 |     3 ||     5
       Fruit             |     2 |       ||     2
Armor: Chain mail        |   101 |   106 ||   207
       Leather armour    |     1 |       ||     1
Dodge: Dodged            |    53 |    52 ||   105
Block: Other             |       |    46 ||    46
